 Dungeon Crawl Stone Soup version 0.31-a0-846-gb3bcc0d938 (webtiles) character file.

Game seed: 3517005957264549186

7203 croobank the Covert (level 11, -11/67 HPs)
             Began as an Octopode Delver on Oct 3, 2023.
             Was an Elder of Hepliaklqana.
             Mangled by a hornet (12 damage)
             ... while paralysed by a hornet
             ... on level 9 of the Dungeon.
             The game lasted 00:33:52 (7907 turns).

croobank the Covert (Octopode Delver)               Turns: 7907, Time: 00:33:52

Health: -11/67     AC:  1    Str: 17    XL:     11   Next: 11%
Magic:  19/19      EV:  2    Int: 17    God:    Hepliaklqana [****..]
Gold:   390        SH:  0    Dex: 17    Spells: 21/21 levels left

rFire   . . .        a - +7 short sword of Pecihin {flame, rCorr Str+6 Dex+3}
rCold   . . .        (no shield)
rNeg    . . .        (helmet restricted)
rPois   .            (no amulet)
rElec   .            q - +5 ring of evasion
rCorr   +            (no ring)
SInv    .            (no ring)
Will    .....        (no ring)
Stlth   ++++++       (no ring)
HPRegen 0.31/turn    (no ring)
MPRegen 0.16/turn    (no ring)
                     (no ring)

%: no passive effects
@: paralysed, lethally poisoned (-11 -> -19), slowed
A: reduced essence, almost no armour, amphibious, 8 rings, camouflage 1,
gelatinous body 1, (nimble swimmer 1), tentacles
a: Renounce Religion, Recall Ancestor, Ancestor Identity, Transference, Idealise


You were on level 9 of the Dungeon.
You worshipped Hepliaklqana.
Hepliaklqana was greatly pleased with you.
You visited 2 branches of the dungeon, and saw 10 of its levels.
You also visited: Sewer.

You collected 390 gold pieces.

Inventory:

Hand Weapons
 a - the +7 short sword of Pecihin (weapon) {flame, rCorr Str+6 Dex+3}
   (You found it on level 2 of the Dungeon)

   Str+6:     It affects your strength (+6).
   Dex+3:     It affects your dexterity (+3).
   rCorr:     It protects you from acid and corrosion.
 b - the +5 sling of Deosec {speed, *Slow rF+ Int+4}
   (You found it on level 3 of the Dungeon)

   Int+4:     It affects your intelligence (+4).
   rF+:       It protects you from fire.
   *Slow:     It may slow you when you take damage.
 h - a +5 quarterstaff
 i - a +2 short sword of venom
 j - the +4 hand axe "Esuheno" {speed, rN++ Will- Str+4}
   (You found it on level 4 of the Dungeon)

   Str+4:     It affects your strength (+4).
   rN++:      It greatly protects you from negative energy.
   Will-:     It decreases your willpower.
 p - a +0 arbalest
 u - the +8 hand axe "Aschil" {venom, Drain rPois rC+}
   (You found it on level 7 of the Dungeon)

   rC+:       It protects you from cold.
   rPois:     It protects you from poison Drain: It drains your maximum health
   when unequipped.
 z - a +3 quarterstaff of chaos
 A - a +3 long sword
 B - a +2 short sword of holy wrath
 C - a +2 morningstar
 I - a +4 long sword
 J - a +4 mace
Missiles
 e - 2 curare-tipped darts
 g - 54 poisoned darts
 x - 9 javelins (quivered)
Jewellery
 q - a +5 ring of evasion (left tentacle)
Talismans
 c - a beast talisman
Wands
 d - a wand of flame (40)
 f - a wand of digging (10)
 E - a wand of mindburst (24)
 K - a wand of polymorph (4)
Scrolls
 o - 2 scrolls of revelation
 t - 3 scrolls of immolation
 v - a scroll of teleportation
 D - 3 scrolls of fog
 H - 2 scrolls of torment
 L - a scroll of identify
Potions
 k - a potion of brilliance
 l - 2 potions of berserk rage {unknown}
 m - 2 potions of magic
 n - a potion of cancellation
 r - a potion of attraction
 s - 4 potions of curing
 w - a potion of resistance {unknown}
 y - a potion of mutation
 F - a potion of ambrosia {unknown}
 G - a potion of lignification


   Skills:
 + Level 7.6 Fighting
 + Level 5.9 Short Blades
 - Level 5.4 Axes
 + Level 7.1 Dodging
 + Level 11.7 Stealth
 * Level 5.5 Spellcasting
 + Level 6.6 Invocations


You had 21 spell levels left.
You didn't know any spells.
Your spell library contained the following spells:

 Spells                   Type           Power      Damage    Failure   Level
 Kiss of Death            Conj/Necr      16%        2d6       14%         1
 Ensorcelled Hibernation  Hex/Ice        8%         N/A       21%         2
 Jinxbite                 Hex            8%         N/A       21%         2
 Ignite Poison            Fire/Tmut/Pois 4%         N/A       38%         3
 Inner Flame              Hex/Fire       4%         N/A       38%         3
 Ozocubu's Armour         Ice            4%         N/A       38%         3
 Anguish                  Hex/Necr       2%         N/A       80%         4
 Flame Wave               Conj/Fire      4%         2d5       80%         4
 Sticky Flame             Conj/Fire      4%         2d3       80%         4
 Borgnjor's Vile Clutch   Necr/Erth      2%         N/A       98%         5
 Ozocubu's Refrigeration  Ice            2%         4d7       100%        7
 Ignition                 Fire           2%         3d3       100%        8


Dungeon Overview and Level Annotations

Branches:
Dungeon (9/15)             Temple (1/1) D:4           Sewer (visited)
   Lair: D:8-11         Orc: D:9-12

Altars:
Ashenzari
Cheibriados
Dithmenos
Elyvilon
Gozag
Hepliaklqana
Kikubaaqudgha
Makhleb
Nemelex Xobeh
Okawaru
Qazlal
Ru
Trog
Uskayaw
Vehumet
Xom
Yredelemnul
Zin
The Shining One

Shops:
D:6 *[   D:8 *


Innate Abilities, Weirdness & Mutations

Your life essence is reduced to manifest your ancestor. (-10% HP)
You cannot wear most types of armour.
You are amphibious.
You can wear up to eight rings at the same time.
Your skin changes colour to match your surroundings (Stealth+).
Your rubbery body absorbs attacks. (AC +1, EV +1)
((You are camouflaged when in or above water. (Stealth+)))
You have tentacles for arms and can constrict up to eight enemies at once.


Message History

Found 2 stones.
The hornet closely misses you.
You barely miss the hornet. You grab the hornet. You squeeze the hornet.
The hornet is lightly wounded.
You constrict the hornet. The hornet misses you.
You hit the hornet. You burn the hornet.
The hornet is lightly wounded.
You constrict the hornet. The hornet stings you!
You are poisoned.
You feel yourself slow down.
You puncture the hornet! You burn the hornet. Your squeeze misses the hornet.
The hornet is heavily wounded.
You constrict the hornet.
You feel very sick. The hornet completely misses you. The hornet misses you.
You hit the hornet. You burn the hornet.
The hornet is severely wounded.
You constrict the hornet.
You feel sick. The hornet misses you.
You hit the hornet but do no damage.
The hornet is severely wounded.
You feel yourself speed up.
You constrict the hornet.
You feel sick. The hornet stings you!
You feel yourself slow down. The hornet completely misses you.
You closely miss the hornet.
The hornet is severely wounded.
You feel yourself speed up.
You constrict the hornet.
You feel sick. The hornet stings you!
You feel yourself slow down. The hornet stings you!
* * * LOW HITPOINT WARNING * * *
You are lethally poisoned!
You suddenly lose the ability to move!
You lose your grip on the hornet.
* * * LOW HITPOINT WARNING * * *
You feel very sick. The hornet stings you.
* * * LOW HITPOINT WARNING * * *
You feel as though you will be slow longer.
* * * LOW HITPOINT WARNING * * *
You feel very sick. The hornet stings you!
You die...

####.. ###.#
#####....## #.#
#.........# #.#
+..>......# #####'#
#.........### #......
#.........'.# #......
#.........#.#####....(.
#.........#....##<.....
#.....@...####..'......
#....y....# ####......
#(........# #......
########### #######


You could see a hornet.

Vanquished Creatures
  A two-headed ogre (D:7)
  Joseph (D:7)
  Maggie (D:7)
  An unseen horror (D:7)
  Prince Ribbit (D:7)
  Sigmund (D:2)
  A wyvern (D:7)
  A human (D:7)
  4 hogs (D:7)
  A steam dragon (D:6)
  5 water moccasins
  4 orc warriors
  A sky beast (D:7)
  2 ice beasts (D:6)
  4 ogres
  5 centaurs
  A phantom (D:5)
  6 kobold brigands
  5 bullfrogs
  A scorpion (D:7)
  12 wights
  8 hounds
  A jelly (D:5)
  4 orc priests
  2 sleepcaps
  Crazy Yiuf (D:2)
  Jessica (D:2)
  4 iguanas
  6 orc wizards
  8 adders
  6 gnolls
  A shadow imp (D:7)
  2 white imps
  3 ufetubi
  3 worms
  2 dart slugs
  24 orcs
  12 bats
  9 endoplasms
  2 giant cockroaches
  8 goblins
  2 hobgoblins
  2 jackals (D:4)
  36 kobolds
  7 quokkas
  13 ball pythons
  4 frilled lizards
  7 rats
237 creatures vanquished.

Vanquished Creatures (collateral kills)
  A ball python (D:1)
1 creature vanquished.

Grand Total: 238 creatures vanquished

Notes
Turn   | Place    | Note
-------+----------+-------------------------------------------
     0 | D:5      | croobank the Octopode Delver began the quest for the Orb.
     0 | D:5      | Reached XP level 1. HP: 16/16 MP: 1/1
    62 | D:6      | Noticed an ice beast
    66 | D:6      | Reached XP level 2. HP: 21/21 MP: 2/2
   103 | D:5      | Noticed a centaur
   111 | D:5      | Killed a centaur
   112 | D:5      | Reached skill level 7 in Stealth
   112 | D:5      | Reached XP level 3. HP: 13/26 MP: 3/3
   112 | D:5      | Reached XP level 4. HP: 16/32 MP: 4/4
   183 | D:6      | Reached XP level 5. HP: 37/37 MP: 5/5
   184 | D:6      | Noticed a kobold brigand
   277 | D:5      | Found a glowing silver altar of Zin.
   329 | D:4      | Identified the +4 hand axe "Esuheno" {speed, rN++ Will-
                  | Str+4}
   339 | D:4      | Noticed a +0 dagger
   339 | D:4      | Noticed a +0 falchion
   340 | D:4      | Noticed a +0 short sword
   340 | D:4      | Noticed a +0 dagger
   341 | D:4      | Noticed a +0 spear
   342 | D:4      | Noticed a +0 spear
   343 | D:4      | Noticed a +0 short sword
   343 | D:4      | Noticed a +0 falchion
   397 | D:4      | Noticed an ogre
   432 | D:4      | Found a staircase to the Ecumenical Temple.
   450 | Temple   | Entered the Ecumenical Temple
   471 | Temple   | Became a worshipper of Hepliaklqana the Forgotten
   542 | D:4      | Killed an ogre
   543 | D:4      | Reached skill level 1 in Invocations
   543 | D:4      | Reached XP level 6. HP: 43/43 MP: 6/6
   635 | D:4      | Found a hide-covered altar of Uskayaw.
   695 | D:4      | Found a glowing drain.
   716 | Sewer    | Entered a sewer
   825 | Sewer    | Reached skill level 8 in Stealth
  1176 | D:4      | Found a sparkling altar of Nemelex Xobeh.
  1477 | D:1      | Reached * piety under Hepliaklqana
  1487 | D:1      | Reached XP level 7. HP: 40/44 MP: 8/8
  1645 | D:1      | Got a leatherbound book
  2330 | D:2      | Noticed Sigmund
  2333 | D:2      | Reached ** piety under Hepliaklqana
  2334 | D:2      | Remembered your ancestor Belessunu as a battlemage
  2341 | D:2      | Killed Sigmund
  2342 | D:2      | Reached skill level 1 in Axes
  2344 | D:2      | Identified the +7 short sword of Pecihin {flame, rCorr
                  | Str+6 Dex+3}
  2454 | D:2      | Found a runed translucent door.
  2455 | D:2      | Noticed Crazy Yiuf
  2462 | D:2      | Killed Crazy Yiuf
  2552 | D:2      | Noticed Jessica
  2555 | D:2      | Killed Jessica
  2697 | D:3      | Found a faded altar of an unknown god.
  2819 | D:3      | Identified the +5 sling of Deosec {speed, *Slow rF+ Int+4}
  3706 | D:4      | Reached skill level 5 in Fighting
  3990 | D:5      | Reached *** piety under Hepliaklqana
  4009 | D:5      | Reached XP level 8. HP: 49/49 MP: 10/10
  4121 | D:5      | Reached skill level 9 in Stealth
  4635 | D:6      | Reached skill level 5 in Dodging
  4640 | D:6      | Found a glowing golden altar of the Shining One.
  4665 | D:6      | Reached XP level 9. HP: 28/55 MP: 10/12
  4819 | D:7      | Reached skill level 5 in Axes
  5060 | D:6      | Found Jatij's Lightly-Used Armoury.
  5109 | D:6      | Reached skill level 10 in Stealth
  5285 | D:6      | Found a white marble altar of Elyvilon.
  5339 | D:6      | Found Ynwiemi's Armour Shoppe.
  5461 | D:7      | Found a broken altar of Ashenzari.
  5507 | D:7      | Reached skill level 1 in Spellcasting
  5527 | D:7      | Killed an unseen horror
  5534 | D:7      | Noticed Prince Ribbit
  5538 | D:7      | Reached skill level 5 in Invocations
  5543 | D:7      | Killed Prince Ribbit
  5717 | D:7      | Identified the +8 hand axe "Aschil" {venom, Drain rPois
                  | rC+}
  5903 | D:7      | Reached XP level 10. HP: 42/62 MP: 14/14
  6053 | D:7      | Identified the +2 orcbow "Asse" {drain, +Blink rF++ rN+
                  | Int-4}
  6090 | D:7      | Noticed Maggie
  6168 | D:7      | Killed Maggie
  6290 | D:7      | Noticed Joseph
  6296 | D:7      | Killed Joseph
  6297 | D:7      | Reached skill level 5 in Short Blades
  6323 | D:7      | Reached skill level 11 in Stealth
  6557 | D:7      | Noticed a two-headed ogre
  6957 | D:7      | Killed a two-headed ogre
  6958 | D:7      | Reached skill level 5 in Spellcasting
  7154 | D:8      | Found a snail-covered altar of Cheibriados.
  7157 | D:8      | Found an iron altar of Okawaru.
  7169 | D:8      | Reached XP level 11. HP: 67/67 MP: 18/18
  7277 | D:8      | Found a bloodstained altar of Trog.
  7278 | D:8      | Found a shadowy altar of Dithmenos.
  7357 | D:8      | Reached **** piety under Hepliaklqana
  7543 | D:8      | Found Bent's General Store.
  7905 | D:9      | Paralysed by a hornet for 3 turns
  7907 | D:9      | HP: 1/67 [poisoned by a hornet]
  7907 | D:9      | Mangled by a hornet

Illustrated notes

Levels and vault maps discovered:
D:1:      co_arrival_random_square_maze, layout_loops_ring
D:2:      layout_basic, nrook_loot_triangle, grunt_ministairs_15,
          minmay_heptomino_l4, uniq_crazy_yiuf_cottage, uniq_jessica,
          uniq_sigmund
D:3:      layout_loops_ring, nicolae_ecumenical_oubliette,
          kennysheep_generic_room_10
D:4:      layout_gridville, nemelex_dance_club_becter,
          nicolae_uskayaw_en_pointe, minmay_temple_entry_nine_rooms,
          cheibrodos_sewer_entry_bend, minmay_circle_x
D:5:      layout_cave_pools, mainiacjoe_overflow_catwalk, supply_closet_lemuel
D:6:      layout_basic, elyvilon_altar_3, amcnicky_altar_gilded, serial_shops,
          shop_fountains, minmay_shop_damaged
D:7:      cheibrodos_barr_body, layout_basic, mainiacjoe_overflow_24_doors,
          grunt_livestock, minmay_bent, uniq_maggie, uniq_joseph,
          uniq_prince_ribbit1
D:8:      layout_basic, mainiacjoe_overflow_catwalk_spiral,
          nicolae_overflow_two_pavilions, serial_shops,
          nicolae_shop_tiny_statue_garden
D:9:      layout_roguey, mainiacjoe_overflow_concentric_impassable,
          fedhas_altar_4, david_lair_shrubbed
Temple:   dpeg_three_leaves_temple

Skill      XL: |  1  2  3  4  5  6  7  8  9 10 11 |
---------------+----------------------------------+-----
Stealth        | 7 8 9 10 11 | 11.7
Short Blades   | 3 4 5 |  5.9
Dodging        | 3 4 5 6 7 |  7.1
Fighting       | 4 5 6 7 |  7.6
Invocations    | 1 2 4 5 6 |  6.6
Axes           | 2 4 5 |  5.4
Spellcasting   | 3 5 |  5.5

Action                     |  1- 3 |  4- 6 |  7- 9 | 10-12 || total
---------------------------+-------+-------+-------+-------++-------
  Melee: Short sword       |     8 |     5 |   198 |   153 ||   364
         Tentacles         |     2 |    13 |    48 |    43 ||   106
         Hand axe          |       |    95 |    33 |       ||   128
         Constrict         |       |    14 |    45 |    34 ||    93
         Punch             |       |       |     1 |     3 ||     4
   Fire: Sling             |       |       |    14 |       ||    14
  Throw: Throwing net      |       |     1 |     1 |       ||     2
         Javelin           |       |       |       |     3 ||     3
         Dart              |       |       |       |     1 ||     1
 Invoke: Ancestor Life: Ba |       |       |     1 |       ||     1
  Evoke: Wand              |       |       |     1 |     5 ||     6
    Use: Scroll            |       |     3 |    12 |     4 ||    19
         Potion            |       |     3 |     5 |     2 ||    10
   Stab: Sleeping          |     2 |    22 |    32 |     9 ||    65
         Held in net/web   |       |     2 |     1 |       ||     3
 Armour: Skin              |     7 |    40 |    64 |    53 ||   164
  Dodge: Dodged            |     7 |    38 |   145 |   132 ||   322

Table legend: (Time is in decaauts)
 A = Elapsed time spent in this place.
 B = Non-inter-level travel time spent in this place.
 C = Inter-level travel time spent in this place.
 D = Time resting spent in this place.
 E = Time spent auto-exploring this place.
 F = Levels seen in this place.
 G = Mean time per level.
                   A        B        C        D        E       F      G
               +--------+--------+--------+--------+--------+-----+--------+
         Total |   7774 |   7535 |    239 |   1203 |   4400 |  11 |  706.7 |
       Dungeon |   7359 |   7132 |    227 |   1074 |   4246 |   9 |  817.7 |
        Temple |     36 |     24 |     12 |      0 |      5 |   1 |   36.0 |
         Sewer |    379 |    379 |      0 |    129 |    149 |   1 |  379.0 |
               +--------+--------+--------+--------+--------+-----+--------+

Top non-repeatable levels by time:
     D:7: 1738 daAuts
     D:4: 1049 daAuts
     D:6: 893 daAuts
     D:1: 790 daAuts
     D:5: 737 daAuts
     D:3: 714 daAuts
     D:8: 694 daAuts
     D:2: 682 daAuts
   Sewer: 379 daAuts
     D:9: 58 daAuts
  Temple: 36 daAuts
